 Dungeon Crawl Stone Soup version 0.27-a0-1500-g450c7e4133 (webtiles) character file.

Game seed: 2901394932159626444

4 DocClef the Covert (level 1, 0/23 HPs)
             Began as a Gnoll Delver on July 7, 2021.
             Slain by an orc wizard (2 damage)
             ... on level 4 of the Dungeon.
             The game lasted 00:00:26 (122 turns).

DocClef the Covert (Gnoll Delver)                    Turns: 122, Time: 00:00:26

Health: 0/23       AC:  3    Str: 11    XL:     1   Next: 60%
Magic:  1/1        EV: 10    Int:  9    God:
Gold:   0          SH:  8    Dex: 13    Spells: 0/0 levels left

rFire    . . .     SeeInvis .   a - +0 mace
rCold    . . .     Faith    .   h - +2 kite shield of Ecosmago {Harm rN+ rCorr Stlth+}
rNeg     + . .     Spirit   .   b - +0 leather armour
rPois    .         Reflect  .   (no helmet)
rElec    .         Harm     +   (no cloak)
rCorr    +         Rampage  .   (no gloves)
Will     .....                  (no boots)
Stlth    +++++.....             (no amulet)
HPRegen  0.07/turn              (no ring)
MPRegen  0.07/turn              (no ring)

@: no status effects
A: fangs 1, strong nose, distributed training
a: no special abilities


You were on level 4 of the Dungeon.
You visited 1 branch of the dungeon, and saw 2 of its levels.

Inventory:

Hand Weapons
 a - a +0 mace (weapon)
Armour
 b - a +0 leather armour (worn)
 h - the +2 kite shield of Ecosmago (worn) {Harm rN+ rCorr Stlth+}
   (You found it on level 5 of the Dungeon)

   rN:        It protects you from negative energy.
   rCorr:     It protects you from acid and corrosion.
   Harm:      It increases damage dealt and taken.
   Stlth:     It makes you more stealthy.
Wands
 g - a wand of digging (3)
Scrolls
 c - a scroll of fog
 d - a scroll of magic mapping
 e - a scroll of fear
 j - a scroll of identify {unknown}
Potions
 f - a potion of haste
 i - a potion of brilliance {unknown}


   Skills:
 + Level 6.4 Fighting
 + Level 0.1 Short Blades
 + Level 0.1 Long Blades
 + Level 0.1 Axes
 + Level 4.4 Maces & Flails
 + Level 0.1 Polearms
 + Level 0.1 Staves
 + Level 0.1 Slings
 + Level 0.1 Bows
 + Level 0.1 Crossbows
 + Level 0.1 Throwing
 + Level 0.1 Armour
 + Level 4.4 Dodging
 + Level 9.5 Stealth
 + Level 0.1 Shields
 + Level 0.1 Unarmed Combat
 + Level 0.1 Spellcasting
 + Level 0.1 Conjurations
 + Level 0.1 Hexes
 + Level 0.1 Summonings
 + Level 0.1 Necromancy
 + Level 0.1 Translocations
 + Level 0.1 Transmutations
 + Level 0.1 Fire Magic
 + Level 0.1 Ice Magic
 + Level 0.1 Air Magic
 + Level 0.1 Earth Magic
 + Level 0.1 Poison Magic
 + Level 0.2 Invocations
 + Level 0.1 Evocations


You couldn't memorise any spells.
You didn't know any spells.
Your spell library was empty.

Dungeon Overview and Level Annotations

Branches:
Dungeon (5/15)
 Temple: D:4-7

Altars:


Innate Abilities, Weirdness & Mutations

You have very sharp teeth.
Your uncanny sense of smell can sniff out nearby items.
Your experience applies equally to all skills.


Message History

You block the orc's attack.
The orc throws a silver boomerang.
You block the silver boomerang. Something hits you.
You hit the orc.
You kill the orc!
The orc throws a silver boomerang.
The silver boomerang misses you.
A goblin comes into view. It is wielding a +0 club.
The goblin shouts!
You hit the orc.
You kill the orc!
Something hits you but does no damage. Something hits you.
You closely miss something. Something hits you.
You are too injured to fight recklessly!
You are too injured to fight recklessly!
You are too injured to fight recklessly!
You are too injured to fight recklessly!
You are too injured to fight recklessly!
You are too injured to fight recklessly!
You are too injured to fight recklessly!
You are too injured to fight recklessly!
You are too injured to fight recklessly!
You are too injured to fight recklessly!
You are too injured to fight recklessly!
You are too injured to fight recklessly!
You are too injured to fight recklessly!
Unknown command.
A magic dart appears from out of thin air!
The magic dart hits you. Something hits you but does no damage.
You barely miss something. Something hits you.
* * * LOW HITPOINT WARNING * * *
You block something's attack.
Your shield prevents you from hitting something.
Your bite misses something.
You hear some strange, mumbled words.
Something tries to affect you, but you resist.
Your shield prevents you from hitting something.
Something hits you but does no damage. Something hits you.
* * * LOW HITPOINT WARNING * * *
You hit something but do no damage. Something hits you.
You die...

#......[.........#
###...#.##..#######
.###.......##..#
.....#.........#
......$.......##
#######.####### #.#
#.# #@# ∆#.# #g#
#....))......
......#..##.###
#.###....# # ....
....## .#..#


You could see a goblin.

Vanquished Creatures
  2 orcs (D:4)
2 creatures vanquished.

Notes
Turn   | Place    | Note
-------+----------+-------------------------------------------
     0 | D:5      | Reached skill level 9 in Stealth
     0 | D:5      | DocClef the Gnoll Delver began the quest for the Orb.
     0 | D:5      | Reached XP level 1. HP: 23/23 MP: 1/1
    14 | D:5      | Identified the +2 kite shield of Ecosmago {Harm rN+ rCorr
                  | Stlth+}
   107 | D:4      | Noticed an orc wizard
   121 | D:4      | HP: 1/23 [something (4)]
   122 | D:4      | Slain by an orc wizard

Illustrated notes

Levels and vault maps discovered:
D:4:      kennysheep_spiral_hall, layout_loops_corners,
          chequers_temple_overflow_statue_of_worship
D:5:      minmay_recursive_quarters, layout_cave_pods,
          ebering_ghost_inner_flame, uniq_pikel, uniq_menkaure

Skill      XL: | |
---------------+-+-----
Stealth        | |  9.5
Fighting       | |  6.4
Short Blades   | |  0.1
Long Blades    | |  0.1
Axes           | |  0.1
Maces & Flails | |  4.4
Polearms       | |  0.1
Staves         | |  0.1
Slings         | |  0.1
Bows           | |  0.1
Crossbows      | |  0.1
Throwing       | |  0.1
Armour         | |  0.1
Dodging        | |  4.4
Shields        | |  0.1
Unarmed Combat | |  0.1
Spellcasting   | |  0.1
Conjurations   | |  0.1
Hexes          | |  0.1
Summonings     | |  0.1
Necromancy     | |  0.1
Translocations | |  0.1
Transmutations | |  0.1
Fire Magic     | |  0.1
Ice Magic      | |  0.1
Air Magic      | |  0.1
Earth Magic    | |  0.1
Poison Magic   | |  0.1
Invocations    | |  0.2
Evocations     | |  0.1

Action                   || total
-------------------------++-------
Melee: Mace              ||    11
Armor: Leather armour    ||     3
Dodge: Dodged            ||     3
Block: Kite shield       ||     4

Table legend: (Time is in decaauts)
 A = Elapsed time spent in this place.
 B = Non-inter-level travel time spent in this place.
 C = Inter-level travel time spent in this place.
 D = Time resting spent in this place.
 E = Time spent auto-exploring this place.
 F = Levels seen in this place.
 G = Mean time per level.
                   A        B        C        D        E       F      G
               +--------+--------+--------+--------+--------+-----+--------+
         Total |    127 |    117 |     10 |      0 |     71 |   2 |   63.5 |
       Dungeon |    127 |    117 |     10 |      0 |     71 |   2 |   63.5 |
               +--------+--------+--------+--------+--------+-----+--------+

Top non-repeatable levels by time:
     D:4: 101 daAuts
     D:5: 25 daAuts
